[Event "Team 45 45 League T61"]
[Site "Internet Chess Club"]
[Date "2014.06.17"]
[Round "3"]
[White "rayngrant"]
[Black "arnav07"]
[Result "1-0"]
[WhiteElo "1578"]
[BlackElo "1418"]
[Opening "two knights defense: Bogolyubov variation"]
[ECO "C58"]
[Time "22:16:21"]
[TimeControl "2700+45"]

1. e4 e5 2. Nf3 Nc6 3. Bc4 Nf6 4. Ng5 d5 5. exd5 Na5 6. Bb5+ c6 7. dxc6 bxc6 8.
Qf3 Bd7 9. Ba4 Bd6 10. Nc3 O-O 11. d3 Qe7 12. Nce4 Nxe4 13. Nxe4 f5 14. Nxd6
Qxd6 15. O-O f4 16. Bb3+ Nxb3 17. axb3 Rf7 18. Bd2 Rf6 19. c3 Rh6 20. d4 exd4
21. Bxf4 Qg6 22. Bxh6 Qxh6 23. cxd4 Qg6 24. d5 Kh8 25. dxc6 Bxc6 26. Qg3 Qe4 27.
Rfe1 Qc2 28. Rxa7 Rf8 29. Qxg7# {Black checkmated} 1-0

[Event "Team 45 45 League T61"]
[Site "Internet Chess Club"]
[Date "2014.06.12"]
[Round "3"]
[White "almond123"]
[Black "KidRattler"]
[Result "0-1"]
[WhiteElo "1390"]
[BlackElo "1488"]
[Opening "Caro-Kann: advance variation"]
[ECO "B12"]
[Time "19:29:45"]
[TimeControl "2700+45"]

1. e4 c6 2. d4 d5 3. e5 c5 4. c3 cxd4 5. cxd4 Nc6 6. Nf3 e6 7. Nc3 Bd7 8. Be2
Bb4 9. a3 Bxc3+ 10. bxc3 Nge7 11. O-O h6 12. Be3 Ng6 13. Qd2 Na5 14. Rab1 b6 15.
Bb5 Bxb5 16. Rxb5 Nc4 17. Qc1 Qd7 18. Rb1 Qe7 19. Ra1 Nxe3 20. Qxe3 O-O 21. Qc1
Rfc8 22. Qb2 Nh4 23. Nxh4 Qxh4 24. Rac1 Qe7 25. Ra1 Rc4 26. Rfc1 Rac8 27. Rc2
Qc7 28. Rac1 f6 29. exf6 gxf6 30. Kf1 Qxh2 31. g3 Qh1+ 32. Ke2 Qe4+ 33. Kf1 Qd3+
34. Ke1 Re8 35. Rd2 Qe4+ 36. Re2 Qh1+ 37. Kd2 Qh5 38. Rce1 Qf7 39. Rh1 Qg7 40.
Kd3 Qg6+ 41. Kd2 e5 42. dxe5 Rxe5 43. Rxe5 fxe5 44. Re1 Qg5+ 45. Kd1 d4 46. Qb3
Qg4+ 47. Kc2 Qg6+ 48. Kd2 dxc3+ 49. Kc1 Qg5+ 50. Kc2 Qf5+ 51. Kc1 Qf7 52. Rxe5
Rc7 53. Qxf7+ Kxf7 54. Re3 a5 55. Kc2 b5 56. Rxc3 Rxc3+ 57. Kxc3 Kf6 58. Kd4 b4
59. axb4 axb4 60. Kc4 Kf5 61. Kxb4 Kg4 62. Kc4 Kf3 63. Kd4 Kxf2 64. Ke4 Kxg3 65.
Kf5 h5 66. Ke4 h4 67. Ke3 h3 68. Ke2 h2 {White resigns} 0-1

[Event "Team 45 45 League T61"]
[Site "Internet Chess Club"]
[Date "2014.06.22"]
[Round "3"]
[White "Egmont"]
[Black "jonesey"]
[Result "0-1"]
[WhiteElo "1798"]
[BlackElo "1953"]
[Opening "Queen's pawn, Mason variation"]
[ECO "D00"]
[Time "10:08:41"]
[TimeControl "2700+45"]

1. d4 d5 2. Bf4 c6 3. c3 Bf5 4. e3 Qb6 5. Qb3 e6 6. Be2 Nf6 7. Nf3 Nbd7 8. h3 h6
9. Nbd2 Be7 10. O-O O-O 11. c4 c5 12. dxc5 Bxc5 13. cxd5 Nxd5 14. Qxb6 N7xb6 15.
Bg3 Bh7 16. Rac1 Rac8 17. a3 Rfd8 18. Rfd1 Nxe3 19. fxe3 Bxe3+ 20. Kf1 Rxc1 21.
Rxc1 Bxd2 22. Rd1 Bg5 23. Nxg5 Rxd1+ 24. Bxd1 hxg5 25. Bf2 Nc4 26. Bf3 Nd2+
{White resigns} 0-1

[Event "Team 45 45 League T61"]
[Site "Internet Chess Club"]
[Date "2014.06.11"]
[Round "3"]
[White "Longonjo"]
[Black "AVEMARIA"]
[Result "0-1"]
[WhiteElo "1586"]
[BlackElo "1632"]
[Opening "Caro-Kann: Panov-Botvinnik attack, 5...e6"]
[ECO "B14"]
[Time "17:00:36"]
[TimeControl "2700+45"]

1. e4 c6 2. d4 d5 3. exd5 cxd5 4. c4 e6 5. Nc3 Nf6 6. Nf3 Nc6 7. cxd5 Nxd5 8.
Bd3 Bb4 9. Bd2 O-O 10. O-O Nf6 11. a3 Be7 12. Bg5 Nd5 13. Bxe7 Ncxe7 14. Ne5 Ng6
15. Nxg6 hxg6 16. Qf3 Nxc3 17. bxc3 Rb8 18. Rfb1 b6 19. Be4 f5 20. Bc2 Bb7 21.
Qg3 Qf6 22. Bb3 Kf7 23. Qc7+ Qe7 24. Qe5 Rbd8 25. Re1 Bd5 26. c4 Be4 27. f3 Bb7
28. d5 Qc5+ 29. Kf1 Rfe8 30. dxe6+ Kf8 31. Qxc5+ bxc5 32. e7+ Rxe7 33. Rxe7 Kxe7
34. Re1+ Kf6 35. Kf2 f4 36. Rd1 Rxd1 37. Bxd1 Ke5 38. Bc2 g5 39. Ke2 Kd4 40. Bd3
Ba6 41. Kd2 Bxc4 42. Be4 Bf1 43. g3 c4 44. Bf5 Bd3 45. Bxd3 cxd3 46. a4 fxg3 47.
hxg3 a5 {White resigns} 0-1

[Event "Team 45 45 League T61"]
[Site "Internet Chess Club"]
[Date "2014.06.14"]
[Round "3"]
[White "Kingofknights"]
[Black "Salvatore"]
[Result "0-1"]
[WhiteElo "1675"]
[BlackElo "1589"]
[Opening "Benkö gambit"]
[ECO "A57"]
[Time "18:00:26"]
[TimeControl "2700+45"]

1. d4 Nf6 2. c4 c5 3. d5 b5 4. b3 d6 5. Bb2 g6 6. Nd2 Bg7 7. e4 Nbd7 8. f4 O-O
9. Ngf3 b4 10. Bd3 a5 11. O-O Nh5 12. Bxg7 Nxg7 13. e5 Nb6 14. Qe2 a4 15. Ne4
Bf5 16. exd6 exd6 17. Nf2 Re8 18. Qd2 a3 19. Bxf5 Nxf5 20. Rae1 Qf6 21. Ne4 Qb2
22. Rf2 Kg7 23. Qxb2+ axb2 24. Rxb2 Nd7 25. Kf2 Nf6 26. Nxf6 Kxf6 27. Rbe2 Rxe2+
28. Rxe2 h6 29. g4 Ng7 30. g5+ hxg5 31. Nxg5 Rh8 32. Kg3 Nf5+ 33. Kg2 Rh4 34.
Ne4+ Kg7 35. Rf2 Rh8 36. Ng3 Ne3+ 37. Kf3 Nd1 38. Rd2 Nc3 39. Ne4 Rh3+ {White
resigns} 0-1

[Event "Team 45 45 League T61"]
[Site "Internet Chess Club"]
[Date "2014.06.14"]
[Round "3"]
[White "jcule"]
[Black "SilentKnight"]
[Result "0-1"]
[WhiteElo "1463"]
[BlackElo "1633"]
[Opening "Grünfeld: 5.e3"]
[ECO "D94"]
[Time "08:05:38"]
[TimeControl "2700+45"]

1. d4 Nf6 2. c4 g6 3. Nc3 d5 4. e3 Bg7 5. Nf3 O-O 6. Be2 b6 7. b4 c5 8. bxc5
bxc5 9. dxc5 Qa5 10. Qc2 dxc4 11. O-O Bf5 12. Qd2 Ne4 13. Qd5 Nxc3 {White
resigns} 0-1

[Event "Team 45 45 League T61"]
[Site "Internet Chess Club"]
[Date "2014.06.14"]
[Round "3"]
[White "JeffH"]
[Black "TimeCo"]
[Result "1-0"]
[WhiteElo "1710"]
[BlackElo "1352"]
[Opening "Pirc defense"]
[ECO "B07"]
[Time "10:00:25"]
[TimeControl "2700+45"]

1. e4 d6 2. d4 Nf6 3. Nc3 g6 4. Be3 Bg7 5. Qd2 O-O 6. O-O-O a6 7. f3 b5 8. g4
Nbd7 9. Bh6 c5 10. Bxg7 Kxg7 11. dxc5 Nxc5 12. h4 b4 13. Nd5 Nxd5 14. Qxd5 Be6
15. Qd4+ f6 16. Bc4 Bxc4 17. Qxc4 Qb6 18. h5 Rac8 19. h6+ Kh8 20. Ne2 Nd7 21.
Qe6 Qe3+ 22. Rd2 Qxf3 23. Rhd1 Ne5 24. Qxe7 Rg8 25. Qxd6 Nc4 26. Rd3 Nxd6 27.
Rxf3 Nxe4 28. Rd4 Rge8 29. Rxb4 Ng5 30. Rf2 Re6 31. Rbf4 Ne4 32. R2f3 g5 33. Rf5
Rd8 34. c3 Red6 35. Nd4 Re8 36. Kc2 Rb6 37. Re3 Kg8 38. Kd3 Nd6 39. Rxe8+ Nxe8
40. b3 Kf7 41. Rd5 Kg6 42. Rd8 Nd6 43. Rg8+ Kxh6 44. c4 Nf7 45. Nf5# {Black
checkmated} 1-0

[Event "Team 45 45 League T61"]
[Site "Internet Chess Club"]
[Date "2014.06.16"]
[Round "3"]
[White "KingOfClubs"]
[Black "okieman888"]
[Result "0-1"]
[WhiteElo "1397"]
[BlackElo "1437"]
[Opening "French: MacCutcheon, Lasker variation"]
[ECO "C12"]
[Time "21:01:34"]
[TimeControl "2700+45"]

1. e4 e6 2. d4 d5 3. Nc3 Nf6 4. Bg5 Bb4 5. e5 h6 6. Bd2 Bxc3 7. bxc3 Ne4 8. Bd3
Nxd2 9. Qxd2 c5 10. Nf3 Nc6 11. O-O c4 12. Be2 Bd7 13. Qe3 Qa5 14. Nd2 O-O 15.
Rfb1 b6 16. Bf3 Ne7 17. Bg4 Ba4 18. Rb2 f5 19. exf6 Rxf6 20. Bxe6+ Kh8 21. Bh3
Re8 22. Qg3 Ng6 23. Bf5 Rxf5 24. Qxg6 Qxc3 25. Qxe8+ Bxe8 {White resigns} 0-1

[Event "Team 45 45 League T61"]
[Site "Internet Chess Club"]
[Date "2014.06.17"]
[Round "3"]
[White "otherook"]
[Black "zugknightly"]
[Result "1/2-1/2"]
[WhiteElo "1789"]
[BlackElo "1792"]
[Opening "English opening"]
[ECO "A05"]
[Time "18:18:55"]
[TimeControl "2700+45"]

1. Nf3 Nf6 2. c4 g6 3. g3 Bg7 4. Bg2 O-O 5. O-O d6 6. Nc3 c6 7. d3 e5 8. Rb1 h6
9. b4 Re8 10. b5 d5 11. bxc6 bxc6 12. cxd5 cxd5 13. e4 dxe4 14. Nxe4 Nxe4 15.
dxe4 Ba6 16. Re1 Qxd1 17. Rxd1 Nc6 18. Bf1 Bxf1 19. Kxf1 Red8 20. Rxd8+ Rxd8 21.
Ke2 Rb8 22. Rxb8+ Nxb8 23. Bb2 f6 24. Kd3 Kf7 25. Kc4 Ke6 26. Nh4 g5 27. Nf5 Bf8
28. g4 Nc6 29. Bc3 Kd7 30. Kd5 Ne7+ 31. Nxe7 Bxe7 32. Bd2 Ba3 33. Be3 a6 34. Bc5
Bb2 35. f3 Bc3 36. Kc4 Bb2 37. Kb3 Bc1 38. Ka4 Bd2 39. Bb6 Bc3 40. Kb3 Bd2 41.
Bc5 Bc1 42. Kc4 Bd2 43. Kd5 Bc3 44. Bf8 Bd2 45. a3 Bc3 46. Bxh6 Ke7 47. Kc6 a5
48. Kb5 Be1 49. Kc6 Bc3 50. Kb5 Be1 51. Ka4 Bc3 52. Kb3 Be1 53. Ka4 Bc3 {Game
drawn by mutual agreement} 1/2-1/2

[Event "Team 45 45 League T61"]
[Site "Internet Chess Club"]
[Date "2014.06.14"]
[Round "3"]
[White "Signalman"]
[Black "crazyhorses"]
[Result "1-0"]
[WhiteElo "1729"]
[BlackElo "1407"]
[Opening "Queen's pawn: London system"]
[ECO "A45"]
[Time "10:10:21"]
[TimeControl "2700+45"]

1. d4 Nf6 2. Bf4 d5 3. e3 c5 4. c3 Nc6 5. Nd2 e6 6. Ngf3 Be7 7. Bd3 O-O 8. O-O
c4 9. Bc2 b5 10. a3 h6 11. e4 Nd7 12. e5 f6 13. Re1 f5 14. b3 Rb8 15. h3 a5 16.
bxc4 bxc4 17. Ba4 Qc7 18. Bxc6 Qxc6 19. Rb1 Ba6 20. a4 Rxb1 21. Qxb1 Rb8 22. Qc2
Nf8 23. g3 Bc8 24. Ra1 Bd7 25. Be3 Rb6 26. Kg2 Qb7 27. Qd1 Be8 28. Nh2 Rb2 29.
Nhf3 Bh5 30. Qc1 Be8 31. Qd1 Nd7 32. g4 fxg4 33. hxg4 Bg6 34. Kg3 Qb8 35. g5
hxg5 36. Nxg5 Bxg5 37. Bxg5 Qf8 38. Qg4 Qf5 39. Qxf5 Bxf5 40. Nf3 Bc2 41. Bd8
Nb6 42. Ng5 Nxa4 43. Bxa5 Nxc3 44. Bxc3 Rb3 45. Ra8+ Rb8 46. Rxb8# {Black
checkmated} 1-0

[Event "Team 45 45 League T61"]
[Site "Internet Chess Club"]
[Date "2014.06.15"]
[Round "3"]
[White "werty"]
[Black "g8wrb"]
[Result "1-0"]
[WhiteElo "1539"]
[BlackElo "1300"]
[Opening "Queen's pawn: London system"]
[ECO "A45"]
[Time "06:08:27"]
[TimeControl "2700+45"]

1. d4 Nf6 2. Bf4 d5 3. e3 Nc6 4. Nf3 Bg4 5. h3 Bd7 6. Bd3 g6 7. O-O Bg7 8. c3
Bf5 9. Bxf5 gxf5 10. b4 Qd7 11. a4 Rg8 12. Ne5 Nxe5 13. dxe5 Ne4 14. f3 Nxc3 15.
Nxc3 O-O-O 16. Qd4 e6 17. Qxa7 Qc6 18. Qc5 {Black resigns} 1-0

[Event "Team 45 45 League T61"]
[Site "Internet Chess Club"]
[Date "2014.06.15"]
[Round "3"]
[White "QuieroAprender"]
[Black "SirIvanhoe"]
[Result "1/2-1/2"]
[WhiteElo "1728"]
[BlackElo "1685"]
[Opening "Benko's opening"]
[ECO "A00"]
[Time "20:00:36"]
[TimeControl "2700+45"]

1. g3 d5 2. Bg2 Nf6 3. d4 Bf5 4. Nf3 e6 5. Bg5 Be7 6. Nh4 c6 7. Nxf5 exf5 8. O-O
O-O 9. Bxf6 Bxf6 10. f4 Qb6 11. e3 Qxb2 12. Nd2 Qa3 13. Rf3 Qe7 14. Rb1 Na6 15.
c4 Rfd8 16. Qb3 Rab8 17. Bf1 Nc7 18. c5 Ne6 19. a4 Bxd4 20. exd4 Nxd4 21. Re3
Qxc5 22. Qc3 Ne6 23. Qxc5 Nxc5 24. Re7 Kf8 25. Rc7 Rdc8 26. Rxc8+ Rxc8 27. a5
Rc7 28. Nf3 Ne4 29. Nd4 g6 30. Bd3 Ke7 31. Re1 Kd6 32. Rb1 Re7 33. Rb2 Nc5 34.
Bc2 Ne4 35. Bd3 Nc3 36. Rb3 Na4 37. Bxf5 Nc5 38. Rb1 {Game drawn by mutual
agreement} 1/2-1/2

[Event "Team 45 45 League T61"]
[Site "Internet Chess Club"]
[Date "2014.06.13"]
[Round "3"]
[White "CaptK"]
[Black "drsigmund1"]
[Result "1-0"]
[WhiteElo "1647"]
[BlackElo "1536"]
[Opening "Queen's pawn"]
[ECO "A40"]
[Time "13:02:51"]
[TimeControl "2700+45"]

1. d4 e6 2. Nf3 b6 3. c4 Bb7 4. Nc3 Bb4 5. Bg5 f6 6. Bf4 f5 7. e3 Nf6 8. a3
Bxc3+ 9. bxc3 Ne4 10. Qc2 g5 11. Be5 Rg8 12. Nd2 Nc6 13. Bg3 Nxg3 14. hxg3 Qe7
15. g4 Rf8 16. Bd3 O-O-O 17. gxf5 exf5 18. Bxf5 Qf7 19. e4 Ne7 20. Rxh7 Qf6 21.
g4 Nxf5 22. gxf5 Rh8 23. Rxh8 Rxh8 24. O-O-O Qe7 25. Kb2 Rh2 26. f3 g4 27. Rg1
Qg5 28. Rxg4 Rxd2 29. Rxg5 Rxc2+ 30. Kxc2 d6 31. Rg7 Ba6 32. Kb3 b5 33. Kb4 bxc4
34. f6 {Black resigns} 1-0

[Event "Team 45 45 League T61"]
[Site "Internet Chess Club"]
[Date "2014.06.14"]
[Round "3"]
[White "Leon13"]
[Black "Gilguli"]
[Result "1-0"]
[WhiteElo "1455"]
[BlackElo "1349"]
[Opening "Sicilian: closed"]
[ECO "B23"]
[Time "11:07:40"]
[TimeControl "2700+45"]

1. e4 c5 2. Nc3 d6 3. Bb5+ Nc6 4. Bxc6+ bxc6 5. f4 g6 6. Nge2 Bg7 7. O-O Bg4 8.
Qe1 e6 9. Ng3 Bxc3 10. bxc3 e5 11. fxe5 dxe5 12. Bb2 c4 13. a4 Qb6+ 14. Kh1 Qxb2
15. Qf2 Nh6 16. Rab1 Qxc2 17. Qc5 Bd7 18. Qxe5+ Be6 19. Qxh8+ Ke7 20. Qxa8 Qxd2
21. Qxc6 Ng4 22. Rb7+ Kf8 23. Rb8+ Kg7 24. Qc5 Ne3 25. Rg1 Qxc3 26. e5 Kh6 27.
Qf8+ Kg5 28. Ne4+ Kf4 29. Nxc3 Ng4 30. h3 Ne3 31. Qh6+ {Black resigns} 1-0

[Event "Team 45 45 League T61"]
[Site "Internet Chess Club"]
[Date "2014.06.13"]
[Round "3"]
[White "Innes"]
[Black "Bryant-L"]
[Result "0-1"]
[WhiteElo "1583"]
[BlackElo "1688"]
[Opening "French: exchange variation"]
[ECO "C01"]
[Time "17:00:09"]
[TimeControl "2700+45"]

1. e4 e6 2. d4 d5 3. exd5 exd5 4. Bd3 Nf6 5. h3 Bd6 6. Qf3 O-O 7. Ne2 h6 8. Nbc3
Re8 9. Nxd5 Nxd5 10. Qxd5 Bb4+ {White resigns} 0-1

[Event "Team 45 45 League T61"]
[Site "Internet Chess Club"]
[Date "2014.06.13"]
[Round "3"]
[White "Berke"]
[Black "BrerRabbit"]
[Result "1/2-1/2"]
[WhiteElo "1602"]
[BlackElo "1518"]
[Opening "Pirc defense"]
[ECO "B07"]
[Time "10:26:03"]
[TimeControl "2700+45"]

1. e4 d6 2. d4 Nf6 3. Bd3 Nc6 4. Nf3 e5 5. dxe5 Nxe5 6. Nxe5 dxe5 7. Bg5 Be7 8.
Nd2 Bg4 9. f3 Be6 10. Qe2 O-O 11. O-O Nd7 12. Be3 Bc5 13. a3 Bxe3+ 14. Qxe3 Qe7
15. Rad1 {Game drawn by mutual agreement} 1/2-1/2

[Event "Team 45 45 League T61"]
[Site "Internet Chess Club"]
[Date "2014.06.14"]
[Round "3"]
[White "PsyMar"]
[Black "HorseRadish"]
[Result "1-0"]
[WhiteElo "1349"]
[BlackElo "1403"]
[Opening "Sicilian: dragon, Yugoslav attack"]
[ECO "B75"]
[Time "09:00:25"]
[TimeControl "2700+45"]

1. e4 c5 2. Nf3 d6 3. d4 cxd4 4. Nxd4 Nf6 5. Nc3 g6 6. f3 Bg7 7. Be3 a6 8. Bc4
O-O 9. Qd2 Nc6 10. O-O-O Nxd4 11. Qxd4 b5 12. Bb3 Ng4 13. Qd2 Nxe3 14. Qxe3 Qa5
15. h4 Bxc3 16. bxc3 Qa3+ 17. Kd2 e6 18. c4 Rd8 19. Ke2 Bb7 20. cxb5 axb5 21.
Qb6 Rab8 22. h5 Bxe4 23. Qd4 Ba8 24. hxg6 fxg6 25. Bxe6+ Kf8 26. Qf6+ {Black
resigns} 1-0

[Event "Team 45 45 League T61"]
[Site "Internet Chess Club"]
[Date "2014.06.14"]
[Round "3"]
[White "Tribe97"]
[Black "otib2014"]
[Result "0-1"]
[WhiteElo "1335"]
[BlackElo "1373"]
[Opening "Queen's pawn game"]
[ECO "E10"]
[Time "08:00:27"]
[TimeControl "2700+45"]

1. d4 Nf6 2. Nf3 e6 3. c4 Be7 4. Nc3 O-O 5. e3 Bb4 6. Qb3 a5 7. a3 Bxc3+ 8. Qxc3
d5 9. Be2 Ne4 10. Qc2 Nf6 11. O-O b6 12. cxd5 exd5 13. Bd2 Bg4 14. Rac1 c6 15.
Rfe1 Qd6 16. Ne5 Bxe2 17. Rxe2 c5 18. Nf3 c4 19. Qa4 Qc6 20. Qxc6 Nxc6 21. b3 b5
22. bxc4 bxc4 23. Bc3 Rab8 24. Rb2 Ne4 25. Rxb8 Rxb8 26. h4 Rb3 27. Nd2 Rxc3 28.
Rxc3 Nxc3 29. f3 Na4 30. Kf2 c3 31. Nb3 Nb6 32. Ke2 a4 33. Nc1 Nc4 34. Kd3 Nxa3
35. Kxc3 Nb5+ 36. Kd3 Nb4+ 37. Kd2 a3 38. Nb3 a2 39. Kc1 Nd3+ 40. Kc2 Ne1+ 41.
Kb2 Nxg2 42. e4 dxe4 43. fxe4 Nxh4 44. Kxa2 Nf3 45. d5 Nd6 46. Kb2 Nxe4 47. Kc2
Kf8 48. Kd3 Nd6 49. Nc5 h5 50. Ke3 Ne5 51. Kf4 f6 52. Ne6+ Kf7 53. Nd8+ Ke7 54.
Ne6 g6 55. Ng7 g5+ 56. Kg3 h4+ 57. Kh3 f5 58. Ne6 Ne4 59. Nxg5 Nxg5+ 60. Kxh4
Ngf3+ 61. Kg3 Nd4 62. Kf4 Nd3+ 63. Ke3 f4+ 64. Kxd4 Ne5 65. Ke4 f3 66. Ke3 Kd6
67. Kf2 Kxd5 68. Ke3 Kc4 69. Kf2 Kd3 70. Kf1 Ke3 71. Ke1 Ng4 72. Kf1 Nh2+ 73.
Kg1 f2+ 74. Kxh2 {White resigns} 0-1

[Event "Team 45 45 League T61"]
[Site "Internet Chess Club"]
[Date "2014.06.15"]
[Round "3"]
[White "blerkoid"]
[Black "BrianWood"]
[Result "1-0"]
[WhiteElo "1607"]
[BlackElo "1473"]
[Opening "Scotch game"]
[ECO "C45"]
[Time "00:01:05"]
[TimeControl "2700+45"]

1. e4 e5 2. Nf3 Nc6 3. d4 exd4 4. Nxd4 Bc5 5. Nxc6 Bxf2+ 6. Kxf2 Qf6+ 7. Qf3
Qxc6 8. Nc3 Ne7 9. Bd3 Ng6 10. Qg3 O-O 11. Re1 Qf6+ 12. Kg1 c6 13. Bd2 Qe5 14.
Qxe5 Nxe5 15. Bf4 d6 16. Bxe5 dxe5 17. Rf1 Be6 18. Rad1 f6 19. a3 b6 20. Ne2 a6
21. Ng3 g6 22. Rf2 b5 23. b3 Ra7 24. Ra1 Rd7 25. Rd1 Kg7 26. Rfd2 Rfd8 27. Nf1
c5 28. Be2 Rxd2 29. Rxd2 Rxd2 30. Nxd2 f5 31. a4 bxa4 32. bxa4 a5 33. exf5 Bxf5
34. Bd3 Bd7 35. Bb5 Bf5 36. c3 Be6 37. Kf2 h6 38. Nc4 Bxc4 39. Bxc4 Kf6 40. Ke3
h5 41. Ke4 g5 42. Bd5 h4 43. c4 g4 44. h3 gxh3 45. gxh3 {Black resigns} 1-0

[Event "Team 45 45 League T61"]
[Site "Internet Chess Club"]
[Date "2014.06.16"]
[Round "3"]
[White "chessman64"]
[Black "Bible-Believer"]
[Result "1/2-1/2"]
[WhiteElo "1388"]
[BlackElo "1547"]
[Opening "Giuoco Pianissimo"]
[ECO "C50"]
[Time "14:00:21"]
[TimeControl "2700+45"]

1. e4 e5 2. Nf3 Nc6 3. Bc4 Bc5 4. d3 d6 5. a3 Nf6 6. h3 O-O 7. Nc3 Be6 8. Bxe6
fxe6 9. Bg5 Qd7 10. Bxf6 Rxf6 11. Na4 Nd4 12. Nxc5 dxc5 13. Nxe5 Qa4 14. Rc1
Raf8 15. O-O Qe8 16. c3 Nc6 17. Nxc6 Qxc6 18. Rc2 e5 19. f3 Rd8 20. Rd2 Rfd6 21.
f4 c4 22. fxe5 Rxd3 23. Qh5 Qc5+ 24. Rdf2 Rd2 25. Qf3 Rxb2 26. e6 Rxf2 27. Qxf2
Qxf2+ 28. Rxf2 Re8 29. Rf7 Rxe6 30. Rxc7 Rxe4 31. Rxb7 Re3 32. Rxa7 Rxc3 33. Rc7
Rxa3 34. Rxc4 Ra2 {Game drawn by mutual agreement} 1/2-1/2

[Event "Team 45 45 League T61"]
[Site "Internet Chess Club"]
[Date "2014.06.14"]
[Round "3"]
[White "BotanicalKnight"]
[Black "TimeCo"]
[Result "1-0"]
[WhiteElo "1515"]
[BlackElo "1343"]
[Opening "King's pawn opening"]
[ECO "B07"]
[Time "13:00:30"]
[TimeControl "2700+45"]

1. e4 d6 2. Nc3 Nf6 3. g3 g6 4. Bg2 Bg7 5. d3 O-O 6. f4 Bg4 7. Nf3 Nbd7 8. O-O
a6 9. h3 Bxf3 10. Bxf3 b5 11. e5 dxe5 12. Bxa8 Qxa8 13. Qf3 exf4 14. Qxa8 Rxa8
15. Bxf4 Nh5 16. Bxc7 Bd4+ 17. Kg2 e5 18. Nd5 Bxb2 19. Rab1 Bd4 20. g4 Nf4+ 21.
Nxf4 exf4 22. Rxf4 Bg7 23. c4 Rc8 24. Bd6 Rc6 25. Ba3 Be5 26. cxb5 Rc2+ 27. Rf2
{Black resigns} 1-0

[Event "Team 45 45 League T61"]
[Site "Internet Chess Club"]
[Date "2014.06.14"]
[Round "3"]
[White "rkaebi"]
[Black "kingsrook"]
[Result "1-0"]
[WhiteElo "1427"]
[BlackElo "1342"]
[Opening "Sicilian: Anderssen variation"]
[ECO "B41"]
[Time "14:00:34"]
[TimeControl "2700+45"]

1. e4 c5 2. Nf3 e6 3. d4 cxd4 4. Nxd4 Nf6 5. Bg5 Qa5+ 6. Bd2 Qb6 7. Nb3 Nxe4 8.
Be3 Qc7 9. Bd3 Nf6 10. N1d2 d5 11. O-O Bd6 12. h3 O-O 13. Rc1 Nc6 14. c4 dxc4
15. Bxc4 Qe7 16. Re1 Bd7 17. Bg5 Be5 18. f4 Bxb2 19. Rc2 Bd4+ 20. Kh1 Bb6 21.
Ne4 e5 22. Bxf6 gxf6 23. Qxd7 Qb4 24. Nxf6+ Kh8 25. Rcc1 Be3 26. Qf5 {Black
forfeits on time} 1-0

[Event "Team 45 45 League T61"]
[Site "Internet Chess Club"]
[Date "2014.06.15"]
[Round "3"]
[White "alexine"]
[Black "SATELLITE-DAN"]
[Result "1-0"]
[WhiteElo "1603"]
[BlackElo "1562"]
[Opening "QGD semi-Slav: 5.e3"]
[ECO "D45"]
[Time "11:01:26"]
[TimeControl "2700+45"]

1. d4 d5 2. Nf3 Nf6 3. c4 c6 4. Nc3 e6 5. e3 Bb4 6. Qc2 Nbd7 7. a3 Be7 8. b4
dxc4 9. Bxc4 b5 10. Bb3 Bb7 11. O-O Rc8 12. Bb2 O-O 13. e4 a6 14. Qd3 Nh5 15.
Ne2 Qc7 16. e5 g6 17. Rac1 Ng7 18. h4 Rcd8 19. Ng3 Nxe5 20. Nxe5 Qxe5 21. Rfe1
Qb8 22. h5 Bf6 23. Ne4 Nxh5 24. g4 Nf4 25. Nxf6+ Kg7 26. Qg3 Nd5 27. Qxb8 Rxb8
28. Nd7 {Black resigns} 1-0

[Event "Team 45 45 League T61"]
[Site "Internet Chess Club"]
[Date "2014.06.15"]
[Round "3"]
[White "Tjet"]
[Black "Chess4Him"]
[Result "1-0"]
[WhiteElo "1464"]
[BlackElo "1510"]
[Opening "English opening"]
[ECO "A10"]
[Time "16:01:06"]
[TimeControl "2700+45"]

1. c4 g6 2. Nc3 Bg7 3. g3 d6 4. Bg2 c6 5. e4 e5 6. d3 Nh6 7. Nge2 O-O 8. O-O Nd7
9. Rb1 f5 10. exf5 Nxf5 11. Ne4 Nf6 12. Bg5 h6 13. Bxf6 Bxf6 14. Nxf6+ Rxf6 15.
Qd2 Kh7 16. d4 exd4 17. Nxd4 Nxd4 18. Qxd4 Bf5 19. Rbd1 Qf8 20. Rd2 Qf7 21. b3
a5 22. Re1 Rf8 23. Rde2 Re6 24. Rxe6 Bxe6 25. Qe3 Re8 26. Qd2 Rf8 27. f4 d5 28.
cxd5 Bxd5 29. Bxd5 Qxd5 30. Qxd5 cxd5 31. Re7+ Kg8 32. Rxb7 Rd8 33. Kf2 d4 34.
Ke2 d3+ 35. Kd2 Rd5 36. Rc7 Kf8 37. Rc3 Kf7 38. Rxd3 Rxd3+ 39. Kxd3 Kf6 40. Ke4
Ke6 41. a3 Kd6 42. b4 a4 43. g4 Kc6 44. f5 gxf5+ 45. Kxf5 Kb5 46. h4 Kc4 47. g5
hxg5 48. hxg5 Kb3 49. b5 Kxa3 50. b6 Kb2 51. b7 {Black resigns} 1-0

[Event "Team 45 45 League T61"]
[Site "Internet Chess Club"]
[Date "2014.06.11"]
[Round "3"]
[White "jjaillet2007"]
[Black "dabodhi"]
[Result "1-0"]
[WhiteElo "1335"]
[BlackElo "1333"]
[Opening "QGD: 4.Bg5 Be7, 5.e3 O-O"]
[ECO "D53"]
[Time "21:45:22"]
[TimeControl "2700+45"]

1. d4 d5 2. c4 e6 3. Nc3 Nf6 4. Bg5 Be7 5. e3 O-O 6. cxd5 exd5 7. Bd3 Be6 8. Nf3
Nbd7 9. O-O c5 10. Rc1 a6 11. Bb1 b5 12. a3 Rc8 13. Ne5 h6 14. Nxd7 Qxd7 15.
Bxf6 Bxf6 16. f4 Bg4 17. Qd3 g6 18. e4 Bxd4+ 19. Kh1 dxe4 20. Nxe4 Bf5 21. Qg3
Rfe8 22. Rfe1 Qd5 23. Qf3 Qc6 24. b4 c4 25. Rcd1 Bg7 26. g4 Bxe4 27. Bxe4 Qf6
28. f5 g5 29. Qg3 Rcd8 30. Rxd8 Qxd8 31. Qf3 Qd4 32. Qe3 Qxe3 33. Rxe3 c3 34.
Re2 Rc8 35. Kg2 Rc7 36. Kf3 Ra7 37. Bc2 a5 38. Re8+ Bf8 39. Ke4 axb4 40. axb4
Ra2 41. Kd3 Ra3 42. Bb1 Kg7 43. Rb8 Bxb4 44. Rxb5 Rb3 45. Bc2 Rb2 46. h3 h5 47.
gxh5 Kh6 48. Bd1 Rd2+ 49. Kc4 c2 50. Bxc2 Rxc2+ 51. Kb3 Rc3+ 52. Kxb4 Rxh3 53.
Rb6+ Kxh5 54. Rf6 g4 55. Rxf7 g3 56. Rh7+ Kg4 57. Rg7+ Kxf5 58. Kc3 Kf4 59. Kd2
Rh2+ 60. Ke1 Kf3 61. Rf7+ Kg2 62. Rf6 Rh1+ 63. Ke2 Kh3 64. Rh6+ Kg2 65. Rg6 Rf1
66. Rg7 Rf2+ 67. Ke1 Rf5 68. Re7 Kh3 69. Rh7+ Kg4 70. Rg7+ Kf3 71. Kf1 Rf4 72.
Kg1 {Black forfeits on time} 1-0

[Event "Team 45 45 League T61"]
[Site "Internet Chess Club"]
[Date "2014.06.14"]
[Round "3"]
[White "KingOfClubs"]
[Black "stantheman59"]
[Result "1-0"]
[WhiteElo "1432"]
[BlackElo "1234"]
[Opening "Scotch opening"]
[ECO "C44"]
[Time "18:00:37"]
[TimeControl "2700+45"]

1. e4 Nc6 2. d4 e5 3. Nf3 Bd6 4. Bc4 Nf6 5. dxe5 Nxe5 6. Nxe5 Bxe5 7. f4 Bxf4 8.
Bxf4 Nxe4 9. O-O O-O 10. Bd3 Nf6 11. Bg5 Re8 12. Bxf6 gxf6 13. Qh5 Kf8 14. Qxh7
Ke7 15. Nc3 Rh8 16. Qe4+ Kf8 17. Qb4+ d6 18. Qf4 Kg7 19. Nd5 Rh6 20. Rae1 Be6
21. Qg3+ Rg6 22. Bxg6 fxg6 23. Rxe6 Qg8 24. Rfxf6 {Black resigns} 1-0

[Event "Team 45 45 League T61"]
[Site "Internet Chess Club"]
[Date "2014.06.11"]
[Round "3"]
[White "mindstorm"]
[Black "smsxman"]
[Result "1-0"]
[WhiteElo "1516"]
[BlackElo "1400"]
[Opening "Scotch gambit: Dubois-Réti defense"]
[ECO "C55"]
[Time "10:06:38"]
[TimeControl "2700+45"]

1. e4 e5 2. Nf3 Nc6 3. d4 exd4 4. Bc4 Nf6 5. e5 Ng4 6. O-O Be7 7. Re1 O-O 8. h3
Bb4 9. c3 dxc3 10. bxc3 Nxf2 11. Kxf2 Bc5+ 12. Be3 Bxe3+ 13. Rxe3 d6 14. exd6
cxd6 15. Rd3 Qb6+ 16. Kf1 Be6 17. Bxe6 fxe6 18. Rxd6 Qb5+ 19. Kg1 Rad8 20. Rxd8
Rxd8 21. Qb3 Qc5+ 22. Kh1 Qe7 23. Nbd2 Kh8 24. Re1 e5 25. Re4 b6 26. Nc4 Na5 27.
Nxa5 bxa5 28. Rxe5 Qf6 29. Qa4 h6 30. Re8+ Kh7 31. Qe4+ g6 32. Qe7+ Qxe7 33.
Rxe7+ Kg8 34. Rxa7 Rd1+ 35. Kh2 Rc1 36. Rxa5 Rxc3 37. Ra8+ Kf7 38. a4 h5 39. a5
Ke6 40. a6 Kd7 41. a7 Ra3 42. Rh8 Kc7 43. a8=Q Rxa8 44. Rxa8 {Black resigns} 1-0